Map: Port Aleksander LE

Players

Hellraiser - Winner!

  • Race: Protoss Protoss
  • Spawn Location: 5:00

souL

  • Race: Terran Terran
  • Spawn Location: 11:00

Event: IEM Season 13: Katowice (2019)

VOD

Have the link to the VOD?

Description

Time

  • Played on: Feb. 26, 2019, 10:22 a.m.
  • Length: 14:57

All games in this series

Show
View Real Time Build Order
Export as new Build Order

Hellraiser Protoss - Winner!

Build Orders: 1 Gate Expand, Oracle Opening, Phoenix Opening 

Get SALT Encoding   

  12  0:00  Probe  
  13  0:12  Probe  
  14  0:17  Pylon  
  14  0:22  Probe  
  15  0:31  Probe  
  16  0:37  Gateway  
  16  0:40  Probe  
  16  0:46  Assimilator  
  17  0:52  Probe  
  18  1:04  Probe  
  19  1:19  Nexus  
  19  1:23  Probe  
  20  1:32  Cybernetics Core  
  20  1:35  Probe  
  21  1:41  Assimilator  
  21  1:48  Probe  
  21  1:51  Pylon  
  22  1:59  Stalker, Probe  
  23  2:07  Probe  
  26  2:15  Probe  
  26  2:18  Stargate  
  27  2:26  Probe  
  27  2:27  Warp Gate  
  28  2:30  Probe  
  29  2:38  Probe  
  29  2:39  Probe  
  29  2:40  Stalker  
  33  2:49  Probe  
  33  2:50  Probe  
  34  2:55  Oracle  
  35  3:01  Probe  
  35  3:03  Probe  
  40  3:13  Probe  
  40  3:15  Probe, Assimilator  
  42  3:22  Pylon  
  42  3:24  Phoenix  
  42  3:25  Probe  
  43  3:27  Probe  
  46  3:38  Gateway  
  46  3:39  Gateway  
  46  3:40  Probe  
  47  3:41  Probe  
  47  3:45  Oracle  
  47  3:47  Pylon  
  48  3:53  Probe  
  48  3:54  Probe  
  53  4:05  Probe  
  53  4:07  Probe  
  53  4:08  Twilight Council  
  55  4:17  Probe  
  55  4:19  Probe  
  55  4:21  Oracle  
  60  4:28  Pylon  
  60  4:29  Probe  
  60  4:31  Probe  
  62  4:35  Blink  
  61  4:41  Probe  
  61  4:43  Probe  
  59  4:53  Stalker, Probe  
  59  4:55  Probe, Stalker  
  65  5:05  Probe  
  66  5:07  Probe  
  66  5:11  Nexus  
  67  5:15  Stalker  
  67  5:18  Probe  
  70  5:21  Pylon  
  70  5:29  Gateway  
  70  5:30  Gateway  
  70  5:34  Gateway  
  70  5:39  Probe x2, Robotics Facility  
  72  5:51  Probe  
  72  5:54  Stalker  
  72  5:55  Stalker x2  
  72  5:56  Probe  
  77  6:01  Pylon  
  77  6:03  Probe  
  78  6:08  Gateway, Charge  
  78  6:09  Gateway  
  78  6:16  Pylon  
  78  6:19  Pylon, Probe  
  78  6:22  Probe  
  78  6:23  Sentry  
  82  6:26  Probe  
  82  6:31  Probe  
  84  6:34  Observer, Probe  
  84  6:38  Probe  
  87  6:43  Probe, Pylon  
  88  6:47  Stalker x2  
  88  6:48  Stalker x2  
  88  6:49  Sentry, Zealot  
  88  6:50  Warp Prism  
  88  6:52  Pylon  
  100  6:56  Assimilator  
  100  7:00  Pylon  
  98  7:16  Probe  
  98  7:17  Probe  
  98  7:19  Probe  
  98  7:22  Sentry, Zealot x5  
  111  7:23  Zealot  
  111  7:28  Probe  
  111  7:29  Probe  
  117  7:37  Phoenix  
  119  7:46  Robotics Bay  
  119  7:47  Sentry, Zealot x4  
  119  7:48  Zealot  
  119  7:50  Forge, Zealot  
  133  7:55  Forge  
  133  7:58  Zealot  
  135  8:01  Pylon  
  135  8:04  Pylon x2  
  135  8:05  Pylon  
  135  8:17  Zealot x4  
  130  8:28  Probe  
  130  8:31  Zealot x4  
  130  8:33  Probe  
  134  8:38  Stalker x2  
  134  8:40  Stalker  
  134  8:41  Sentry  
  128  8:47  Protoss Ground Weapons Level 1  
  120  8:49  Protoss Ground Armor Level 1  
  120  8:53  Probe  
  120  8:54  Probe x2  
  120  8:55  Colossus  
  114  9:05  Probe  
  114  9:06  Probe  
  114  9:07  Probe  
  112  9:17  Probe  
  112  9:22  Extended Thermal Lance, Assimilator  
  113  9:24  Assimilator  
  113  9:33  Nexus  
  113  9:45  Zealot x2, Stalker  
  117  9:46  Sentry, Stalker, Colossus  
  117  9:48  Pylon  
  117  9:52  Pylon  
  129  10:03  Sentry  
  129  10:04  Stalker x2  
  135  10:10  Zealot x5  
  124  10:22  Probe  
  124  10:23  Probe x2  
  124  10:26  Stalker  
  124  10:27  Stalker x2  
  117  10:30  Protoss Ground Weapons Level 2  
  117  10:34  Probe  
  117  10:35  Stalker x3  
  122  10:40  Probe  
  122  10:42  Probe  
  117  10:44  Probe  
  117  10:47  Protoss Ground Armor Level 2  
  117  10:48  Probe  
  119  10:51  Colossus  
  119  10:52  Probe x2  
  119  10:54  Probe  
  122  11:00  Probe  
  122  11:01  Probe  
  130  11:04  Probe  
  130  11:06  Probe  
  132  11:13  Sentry  
  132  11:14  Stalker  
  132  11:16  Stalker  
  138  11:22  Stalker x2  
  138  11:24  Stalker  
  144  11:30  Zealot x2  
  146  11:45  Stalker x2  
  150  11:52  Zealot x3  
  150  11:54  Probe  
  150  11:57  Probe  
  150  11:58  Probe  
  134  12:01  Colossus  
  134  12:05  Pylon  
  128  12:09  Stalker x2  
  128  12:15  Sentry x3  
  144  12:17  Photon Cannon  
  144  12:18  Assimilator  
  144  12:20  Assimilator  
  144  12:23  Pylon  
  144  12:24  Zealot x2  
  144  12:25  Zealot  
  150  12:34  Probe x2, Templar Archives  
  150  12:36  Zealot x2  
  156  12:39  Stalker x2  
  156  12:42  Stalker  
  162  12:44  Pylon  
  162  12:57  Nexus  
  162  13:01  Dark Shrine  
  154  13:14  High Templar x2  
  154  13:15  Zealot x4  
  154  13:18  Archon  
  162  13:20  Zealot x2  
  161  13:36  Zealot x4  
  154  13:49  Zealot  
  154  13:50  Probe  
  154  13:54  Probe x2  
  155  13:59  High Templar  
  155  14:00  High Templar x2  
  155  14:01  High Templar  
  163  14:06  Pylon, Probe  
  164  14:12  Stalker x2  
  168  14:30  Stalker x2  
  155  14:32  Zealot x2  
  155  14:33  Zealot  
  155  14:35  Zealot x2  
  155  14:36  Zealot  
  157  14:38  Dark Templar x3  
Show
View Real Time Build Order
Export as new Build Order

souL Terran 

Build Orders: Gas First Reaper Expand 

Get SALT Encoding   

  12  0:00  SCV  
  13  0:12  SCV  
  14  0:18  Supply Depot  
  14  0:24  SCV  
  15  0:29  Refinery  
  15  0:39  SCV  
  16  0:45  Barracks  
  16  0:51  SCV  
  17  1:04  SCV  
  18  1:16  SCV  
  19  1:32  Reaper, Orbital Command  
  20  1:44  Command Center  
  20  1:56  Factory  
  20  2:00  SCV  
  21  2:06  Barracks Reactor  
  21  2:12  SCV  
  21  2:13  Supply Depot  
  22  2:17  Refinery  
  22  2:22  Bunker  
  22  2:28  SCV  
  23  2:40  SCV  
  23  2:42  Starport  
  23  2:43  Marine x2  
  26  2:52  Widow Mine  
  26  2:53  SCV  
  29  3:00  Orbital Command  
  29  3:05  SCV  
  30  3:06  Marine x2  
  31  3:13  Factory Tech Lab  
  31  3:17  SCV  
  32  3:20  Medivac  
  32  3:24  Marine x2  
  37  3:29  Bunker  
  36  3:34  Cyclone  
  36  3:37  SCV  
  36  3:38  SCV  
  41  3:44  Marine  
  42  3:49  SCV  
  42  3:50  SCV  
  42  3:52  Supply Depot  
  44  3:56  Marine  
  44  4:01  SCV  
  46  4:03  Supply Depot  
  46  4:13  SCV x2, Viking  
  49  4:25  SCV x2  
  49  4:26  Barracks  
  49  4:27  Barracks  
  51  4:37  SCV x2  
  53  4:46  Marine  
  53  4:49  SCV x2  
  50  5:01  SCV x2  
  50  5:04  Marine  
  50  5:05  Engineering Bay  
  49  5:07  Starport Tech Lab  
  49  5:08  Factory Reactor  
  49  5:10  Refinery  
  49  5:13  Supply Depot  
  49  5:14  SCV  
  50  5:16  Barracks Tech Lab  
  50  5:17  Starport Reactor  
  50  5:19  SCV  
  51  5:21  Marine  
  51  5:26  Marine x2  
  54  5:29  SCV  
  54  5:33  Missile Turret x2  
  54  5:35  Combat Shield, Marine  
  55  5:38  Refinery  
  55  5:39  Supply Depot  
  55  5:41  Liberator  
  58  5:43  Marine x2  
  58  5:44  SCV  
  58  5:45  Terran Infantry Weapons Level 1  
  58  5:47  SCV  
  61  5:53  Barracks Tech Lab  
  61  5:54  Marauder  
  61  5:56  Medivac, SCV  
  67  5:59  Widow Mine  
  67  6:01  Widow Mine, Marine  
  67  6:03  Supply Depot  
  73  6:04  SCV  
  73  6:06  Supply Depot  
  74  6:12  Marauder, Stimpack  
  74  6:13  Marine  
  78  6:23  Marine  
  78  6:25  Widow Mine  
  80  6:26  Supply Depot  
  80  6:29  Supply Depot  
  80  6:33  Marauder, Marine  
  80  6:34  Marauder  
  85  6:41  Medivac, Marine  
  88  6:51  Marine  
  89  6:54  Concussive Shells  
  89  6:55  Marauder x2, SCV x2  
  89  6:57  Supply Depot  
  89  7:00  Command Center, Supply Depot  
  95  7:02  Marine  
  95  7:05  Widow Mine  
  95  7:06  Medivac  
  100  7:15  Marine  
  98  7:16  Marauder x2  
  98  7:17  Medivac  
  98  7:22  Marine  
  102  7:25  SCV  
  104  7:33  Marine  
  104  7:36  Medivac  
  107  7:38  Marauder x2, SCV x2, Supply Depot  
  107  7:40  Supply Depot  
  107  7:41  Marine  
  112  7:47  Medivac  
  112  7:49  Liberator  
  112  7:50  SCV x2  
  112  7:51  Barracks x2  
  116  7:52  Terran Infantry Armor Level 1  
  116  7:58  Marine  
  116  7:59  Marauder  
  116  8:02  SCV  
  116  8:03  SCV, Marine  
  126  8:14  Marauder, SCV  
  126  8:15  SCV  
  126  8:16  Marine  
  126  8:18  Orbital Command  
  129  8:25  Marine  
  129  8:26  Marauder  
  129  8:27  SCV  
  127  8:34  Marine  
  116  8:35  Marauder  
  116  8:38  Marine  
  116  8:39  Marine  
  110  8:42  SCV  
  110  8:43  Marine  
  110  8:47  Marauder  
  106  8:52  Marine  
  90  8:56  Marine x2  
  90  8:57  Marine  
  90  9:01  Marine  
  84  9:03  Liberator x2  
  84  9:08  Widow Mine x2, Marine  
  84  9:09  SCV, Marine  
  85  9:11  SCV  
  85  9:14  Marine  
  85  9:16  SCV  
  90  9:19  Marine  
  90  9:22  Barracks Tech Lab, Barracks Reactor  
  90  9:23  SCV x2  
  97  9:27  Marine  
  97  9:28  SCV  
  99  9:33  Marine  
  99  9:34  Marauder  
  99  9:35  SCV  
  99  9:36  Widow Mine  
  99  9:37  SCV  
  106  9:40  SCV  
  106  9:43  Marauder, Marine  
  110  9:46  Liberator  
  110  9:47  SCV  
  110  9:49  Liberator, SCV  
  112  9:53  Marauder, SCV, Marine  
  112  9:59  SCV  
  117  10:01  SCV  
  117  10:05  Marauder, SCV, Marine  
  128  10:07  Marine  
  128  10:08  Marauder  
  131  10:15  Marine  
  131  10:16  Marine  
  131  10:17  Marauder  
  129  10:23  Marine  
  129  10:26  Marine  
  129  10:27  Marauder, SCV  
  119  10:28  SCV  
  119  10:29  Marauder  
  113  10:38  Marauder, Widow Mine, Marine  
  113  10:39  SCV  
  113  10:40  Marine  
  113  10:41  SCV  
  117  10:43  SCV  
  117  10:45  Marine  
  117  10:48  Marauder  
  117  10:49  Medivac x2  
  125  10:51  Marauder, SCV  
  125  10:53  SCV  
  125  10:55  SCV  
  125  10:56  Marine  
  131  11:00  Marauder  
  131  11:01  Refinery  
  131  11:04  Marine  
  134  11:10  Marauder  
  136  11:13  Armory, SCV x2  
  136  11:14  Engineering Bay  
  136  11:15  Refinery  
  136  11:17  Command Center  
  138  11:19  Supply Depot  
  138  11:20  Marine  
  138  11:21  Marauder  
  138  11:24  SCV  
  142  11:26  Marine  
  142  11:27  Marauder, SCV  
  145  11:37  Marine  
  145  11:38  Marauder  
  145  11:39  Marine  
  139  11:42  Marauder, SCV x2  
  139  11:43  Marine  
  139  11:44  SCV  
  144  11:47  Liberator, Marine  
  144  11:48  Marauder  
  139  11:54  SCV x2  
  139  11:56  SCV  
  139  11:58  Marine x2  
  139  11:59  Marauder  
  139  12:01  Liberator, Marine  
  120  12:04  Marauder  
  120  12:05  Marine  
  120  12:06  SCV  
  117  12:09  Marauder  
  117  12:13  Terran Infantry Weapons Level 2  
  119  12:15  Marine  
  119  12:16  Marine  
  119  12:21  Marauder  
  119  12:22  SCV x3  
  129  12:23  Marine  
  129  12:27  Marine  
  131  12:30  Planetary Fortress  
  131  12:33  Starport  
  131  12:34  SCV x3  
  131  12:36  Liberator  
  135  12:38  Sensor Tower  
  135  12:39  Marine  
  134  12:45  Marine  
  134  12:46  Marauder, SCV  
  134  12:47  Marine  
  134  12:48  Marauder  
  134  12:50  Terran Ship Weapons Level 1  
  140  12:58  Marine  
  140  12:59  Marine  
  125  13:06  Marine  
  125  13:07  Marauder, Marine x2  
  125  13:09  Marine  
  130  13:16  Marine x2  
  132  13:24  Marine x2  
  132  13:25  Marauder  
  136  13:27  Marauder  
  136  13:28  Marauder, SCV  
  138  13:34  Marine x2  
  138  13:36  Orbital Command  
  138  13:38  SCV  
  139  13:42  SCV, Marine  
  139  13:46  Marauder  
  126  13:49  Marauder  
  126  13:50  Marauder  
  126  13:51  Marine  
  126  13:53  Marine  
  126  13:54  Marine  
  120  13:57  Medivac  
  120  14:00  Starport Tech Lab  
  122  14:04  Marine  
  122  14:08  Marauder  
  125  14:10  Marauder  
  125  14:12  Marauder, Marine  
  125  14:13  Marine  
  125  14:14  Marine  
  130  14:22  Marine  
  125  14:29  Marine x2  
  125  14:31  Marine x2  
  110  14:32  Marine  

Tags
 
Add a new tag
Caveats
  • Supply blocks, unpowered buildings, or Contaminate may cause inaccurate times.
  • Supply counts are checked every 10 seconds.